 Dungeon Crawl Stone Soup version 0.16.2 (webtiles) character file.

44 kae the Firebug (level 3, -2/19 HPs)
             Began as a Tengu Fire Elementalist on Aug 13, 2015.
             Slain by Terence
             ... wielding a +0 short sword
              (3 damage)
             ... on level 1 of the Dungeon.
             The game lasted 00:01:35 (1298 turns).

kae the Firebug (Tengu Fire Elementalist)           Turns: 1298, Time: 00:01:36

Health: -2/19      AC:  2    Str: 13    XL:     3   Next: 60%
Magic:  3/7        EV: 12    Int: 16    God:
Gold:   49         SH:  0    Dex: 14    Spells: 1 memorised, 5 levels left

rFire  . . .     SeeInvis .     f - +0 whip (drain)
rCold  . . .     Clarity  .     a - +0 robe
rNeg   . . .     SustAb   .     (no shield)
rPois  .         Gourm    .     (helmet restricted)
rElec  .         Spirit   .     (no cloak)
rCorr  .         Warding  .     (no gloves)
rMut   .         Stasis   .     (boots unavailable)
MR     .....                    (no amulet)
Stlth  ++........               (no ring)
                                (no ring)

@: mighty, lethally poisoned (-2 -> -6), not resistant to hostile enchantments,
unstealthy
A: beak, talons 3
a: no special abilities


You were on level 1 of the Dungeon.
You were hungry.

You visited 1 branch of the dungeon, and saw 2 of its levels.

You collected 49 gold pieces.

Inventory:

Hand weapons
 d - a +0 dagger
 f - a +0 whip of draining (weapon)
Armour
 a - a +0 robe (worn)
Scrolls
 e - a scroll of noise {unknown}
 g - 3 scrolls of identify {unknown}
 i - a scroll of amnesia {unknown}
 j - a scroll of remove curse {unknown}
 k - 2 scrolls of immolation {unknown}
 l - a scroll of magic mapping {unknown}
Potions
 m - a potion of beneficial mutation {unknown}
 o - a potion of brilliance {unknown}
Books
 b - a book of Flames

   Spells                             Type                      Level
   a - Flame Tongue                   Conjuration/Fire             1
   b - Throw Flame                    Conjuration/Fire             2
   c - Conjure Flame                  Conjuration/Fire             3
   d - Inner Flame                    Hexes/Fire                   3
   e - Sticky Flame                   Conjuration/Fire             4
   f - Fireball                       Conjuration/Fire             5
Comestibles
 c - a bread ration
 n - a meat ration
 p - 4 fruits


   Skills:
 - Level 2.1 Dodging
 - Level 2.0 Stealth
 + Level 2.4 Spellcasting
 * Level 2.9 Conjurations
 * Level 4.0 Fire Magic


You had 5 spell levels left.
You knew the following spells:

 Your Spells              Type           Power        Failure   Level  Hunger
a - Flame Tongue          Conj/Fire      ##...        6%          1    #......


Dungeon Overview and Level Annotations

Branches:
Dungeon (2/15)

Altars:

Annotations:
D:1 Terence


Innate Abilities, Weirdness & Mutations

You have a beak for a mouth.
You have claws for feet.


Message History

You feel sick.
Casting: Flame Tongue
Confirm with . or Enter, or press ? or * to list all spells.
Aiming: Flame Tongue
Press: ? - help, Shift-Dir - straight line, f - Terence
Aim: Terence, wielding a short sword and wearing a chain mail (moderately wounded)
The flame tongue hits Terence.
Terence appears unharmed.
Terence is moderately wounded.
* * * LOW HITPOINT WARNING * * *
You feel sick. Terence barely misses you.
* * * LOW HITPOINT WARNING * * *
You feel sick.
There is a stone staircase leading down here.
* * * LOW HITPOINT WARNING * * *
You feel sick.
Drink which item? (? for menu, Esc to quit)
It was a potion of might.
You feel very mighty all of a sudden. Terence hits you with a short sword.
You die...

.#####.>.......# #.#######.##.
...#...#######.### #.#######.##.
##.#.....# #.....# #......##.##.
#...###.###.###.####.####.......
##### #...(.# #............@....
#####.###.#####.######.###
#.....# #...........
###.#########......###
#..@@.>.....###### #############


You could see Terence.

Vanquished Creatures
  An adder (D:1)
  A worm (D:2)
  An adder zombie (D:1)
  2 giant geckos (D:1)
  3 bats (D:1)
  A bat zombie (D:1)
  2 goblins (D:1)
  3 hobgoblins
  2 ball pythons (D:1)
  4 giant newts (D:1)
  2 kobolds (D:1)
  3 rats (D:1)
25 creatures vanquished.

Notes
Turn   | Place    | Note
--------------------------------------------------------------
     0 | D:1      | kae, the Tengu Fire Elementalist, began the quest for the Orb.
     0 | D:1      | Reached XP level 1. HP: 10/10 MP: 3/3
   244 | D:1      | Reached XP level 2. HP: 12/15 MP: 0/5
   709 | D:1      | Reached XP level 3. HP: 13/19 MP: 5/7
   915 | D:2      | Reached skill level 4 in Fire Magic
  1215 | D:2      | Noticed Terence
  1298 | D:1      | Slain by Terence

Action                   || total
-------------------------++-------
Melee: Unarmed           ||     7
       Whip              ||     7
 Cast: Flame Tongue      ||    47
  Use: Potion            ||     1
  Eat: Chunk             ||     1
